Map: Golden Wall LE

Players

Dream - Winner!

  • Race: Terran Terran
  • League: Master
  • Spawn Location: 5:00

TIME (Oliveira)

  • Race: Terran Terran
  • League: Grandmaster
  • Spawn Location: 7:00

Event: War Chest Team League

VOD

Have the link to the VOD?

Description

Time

  • Played on: July 24, 2020, 5:14 a.m.
  • Length: 11:16
Show
View Real Time Build Order
Export as new Build Order

Dream Terran - Winner!

Build Orders:  

Get SALT Encoding   

  12  0:00  SCV  
  13  0:12  SCV  
  14  0:17  Supply Depot  
  14  0:24  SCV  
  15  0:38  SCV  
  15  0:39  Barracks  
  16  0:46  Refinery  
  16  0:50  SCV  
  16  0:56  Refinery  
  17  1:03  SCV  
  18  1:15  SCV  
  19  1:26  Reaper  
  19  1:27  Supply Depot, Orbital Command  
  20  1:43  Factory  
  20  1:52  SCV  
  21  1:58  Reaper  
  22  2:04  SCV  
  23  2:16  SCV  
  23  2:20  Command Center  
  24  2:29  Hellion, SCV  
  27  2:35  Barracks Reactor  
  27  2:41  Supply Depot, SCV  
  28  2:49  Starport  
  28  2:50  Factory Tech Lab  
  28  2:54  SCV  
  29  3:06  SCV  
  29  3:09  Siege Tank  
  33  3:12  Marine  
  33  3:13  Marine  
  33  3:19  SCV  
  36  3:25  Medivac  
  36  3:27  Refinery  
  38  3:31  SCV  
  38  3:33  Orbital Command  
  39  3:35  Marine  
  39  3:38  Marine  
  41  3:43  SCV  
  41  3:47  Cyclone  
  45  3:53  Marine  
  45  3:55  SCV  
  47  3:56  Marine  
  47  4:00  Starport Tech Lab  
  47  4:01  SCV  
  49  4:07  SCV  
  50  4:10  Supply Depot  
  50  4:11  Marine  
  50  4:13  SCV  
  50  4:14  Marine  
  53  4:24  Supply Depot, SCV  
  53  4:31  Raven, Marine, SCV  
  54  4:32  Marine  
  54  4:33  Siege Tank  
  62  4:43  SCV  
  62  4:44  SCV  
  59  4:56  SCV x2  
  60  5:01  Command Center  
  60  5:05  Siege Tank  
  63  5:08  SCV x2  
  63  5:10  Supply Depot  
  65  5:21  Barracks, Stimpack  
  65  5:22  Barracks  
  65  5:23  SCV  
  65  5:25  SCV  
  67  5:29  Viking  
  69  5:37  Siege Tank  
  69  5:40  Viking  
  75  5:42  SCV  
  75  5:49  SCV  
  76  5:50  Supply Depot  
  76  5:52  Refinery  
  76  5:55  Marine  
  77  6:01  Bunker  
  77  6:05  SCV  
  78  6:11  Viking x2, SCV  
  78  6:14  Siege Tank  
  78  6:15  Barracks Reactor  
  83  6:19  Orbital Command  
  83  6:20  Barracks Reactor  
  82  6:26  Marine  
  82  6:30  SCV  
  82  6:31  SCV  
  85  6:34  Engineering Bay  
  85  6:35  Engineering Bay  
  85  6:42  Viking  
  85  6:43  Viking  
  85  6:44  Marine  
  85  6:46  SCV  
  91  6:47  SCV  
  91  6:53  Siege Tank  
  95  7:00  Marine x4  
  99  7:01  Marine  
  99  7:04  Terran Infantry Armor Level 1, Terran Infantry Weapons Level 1  
  100  7:08  SCV  
  100  7:11  Supply Depot  
  101  7:16  Supply Depot x2  
  101  7:19  Combat Shield  
  101  7:27  Barracks x2  
  101  7:29  Supply Depot  
  101  7:33  Medivac x2, Marine x3, SCV  
  109  7:37  Marine x2  
  109  7:42  Siege Tank  
  114  7:47  Supply Depot  
  114  7:51  Marine x3  
  113  7:55  Marine x2  
  106  8:06  Medivac  
  106  8:07  Medivac  
  106  8:09  Marine x3  
  106  8:10  Armory  
  113  8:13  Marine x2  
  115  8:22  Barracks Reactor x2, Missile Turret  
  115  8:24  Supply Depot, Missile Turret  
  115  8:25  Missile Turret  
  115  8:26  Marine  
  115  8:27  Marine x2  
  115  8:31  Marine x2  
  115  8:33  Siege Tank  
  123  8:40  Supply Depot  
  123  8:43  Supply Depot  
  123  8:44  Marine  
  123  8:45  Marine x2  
  125  8:49  Marine  
  125  8:51  Medivac x2  
  125  8:54  Marine  
  130  8:56  Orbital Command  
  130  9:02  Marine x5  
  135  9:03  Marine  
  135  9:04  Marine  
  135  9:08  Marine  
  134  9:12  Marine  
  134  9:19  Marine  
  134  9:23  Marine  
  134  9:24  Marine x5  
  120  9:26  Marine  
  121  9:36  Siege Tank  
  117  9:39  Marine  
  117  9:40  Marine  
  117  9:41  Marine x2  
  117  9:45  Marine x2  
  121  9:49  Marine  
  121  9:50  Marine x2, Refinery  
  121  9:51  Refinery  
  122  9:57  Marine  
  123  10:01  Viking x2, Marine  
  123  10:02  Marine x2  
  127  10:15  Marine x2  
  127  10:16  Marine  
  127  10:18  Marine x3  
  133  10:23  Marine  
  133  10:24  Marine  
  133  10:26  Siege Tank  
  138  10:29  Marine  
  138  10:33  Marine x2  
  141  10:38  Marine x2  
  143  10:47  Marine x3  
  143  10:48  Marine  
  147  10:56  Marine x3  
  154  11:01  Sensor Tower  
Show
View Real Time Build Order
Export as new Build Order

TIME Terran 

Build Orders: Reaper Expand 

Get SALT Encoding   

  12  0:01  SCV  
  13  0:13  SCV  
  14  0:18  Supply Depot  
  14  0:25  SCV  
  15  0:39  SCV  
  15  0:41  Barracks  
  16  0:45  Refinery  
  16  0:51  SCV  
  17  1:03  SCV  
  18  1:15  SCV  
  19  1:28  Reaper  
  19  1:29  Orbital Command  
  20  1:42  Command Center  
  20  1:50  Supply Depot  
  20  1:55  SCV  
  20  2:00  Marine  
  22  2:07  SCV  
  23  2:10  Factory  
  23  2:19  SCV  
  24  2:26  Refinery  
  24  2:29  Barracks Reactor  
  24  2:31  SCV  
  24  2:34  Barracks  
  25  2:43  SCV  
  26  2:53  Hellion  
  26  2:55  SCV, Orbital Command  
  29  3:04  Marine  
  29  3:05  Marine  
  31  3:07  SCV  
  32  3:15  Factory Tech Lab  
  32  3:19  SCV  
  33  3:21  SCV  
  33  3:22  Barracks Tech Lab, Marine x2  
  36  3:27  Supply Depot  
  36  3:32  SCV  
  36  3:34  Cyclone  
  40  3:38  SCV  
  40  3:40  Marine x2  
  43  3:41  Stimpack  
  43  3:42  Marine  
  43  3:44  SCV  
  45  3:51  SCV  
  45  3:53  Supply Depot  
  46  3:57  SCV  
  46  3:58  Marine  
  46  4:00  Starport  
  46  4:01  Marine  
  49  4:02  Marine  
  49  4:05  SCV  
  49  4:09  SCV  
  52  4:14  Factory Reactor  
  52  4:16  Marine  
  52  4:17  SCV  
  54  4:19  Supply Depot, Marine  
  54  4:21  SCV  
  54  4:23  Engineering Bay  
  56  4:27  Marine, Refinery  
  56  4:30  SCV  
  58  4:34  Marine  
  50  4:40  SCV  
  50  4:43  SCV  
  50  4:54  Marine  
  50  4:57  Terran Infantry Weapons Level 1  
  49  5:00  Medivac x2  
  49  5:02  SCV  
  49  5:04  SCV  
  49  5:06  Marine  
  56  5:10  Marine  
  57  5:14  SCV  
  57  5:15  Marine  
  57  5:16  SCV  
  60  5:21  Supply Depot  
  60  5:23  Combat Shield  
  60  5:26  SCV  
  60  5:28  SCV  
  62  5:34  Siege Tank  
  65  5:38  SCV  
  65  5:40  Barracks  
  66  5:43  Starport Reactor  
  66  5:47  Marine x2  
  66  5:48  SCV  
  69  5:50  SCV  
  69  5:55  Supply Depot  
  70  5:57  Marine  
  70  6:00  SCV  
  72  6:04  Marine  
  72  6:09  Marine, SCV  
  75  6:11  Siege Tank  
  75  6:14  SCV  
  75  6:15  Marine  
  76  6:19  Supply Depot  
  76  6:21  Medivac x2  
  76  6:22  Marine  
  76  6:23  SCV  
  82  6:29  Marine  
  82  6:32  Marine, SCV  
  85  6:35  Supply Depot  
  85  6:36  Marine  
  86  6:41  SCV  
  86  6:45  Siege Tank  
  90  6:48  SCV  
  90  6:49  Supply Depot  
  90  6:51  Terran Infantry Armor Level 1, Refinery  
  90  6:53  SCV  
  92  6:57  Marine x2  
  92  6:58  Marine x2  
  92  7:00  SCV  
  96  7:05  SCV  
  96  7:06  Medivac x2  
  96  7:07  Marine  
  102  7:12  Supply Depot  
  102  7:15  Marine  
  103  7:22  Marine, SCV x2  
  105  7:24  Marine  
  105  7:25  Marine  
  108  7:33  Command Center  
  108  7:35  Marine  
  109  7:39  Marine  
  109  7:42  Marine  
  109  7:43  Siege Tank  
  114  7:45  Medivac  
  114  7:48  Marine  
  114  7:52  Marine  
  114  7:53  Marine  
  114  7:57  Marine  
  112  8:03  Marine  
  105  8:06  Marine  
  105  8:07  SCV  
  105  8:10  Marine  
  108  8:13  Marine  
  108  8:17  Siege Tank  
  108  8:19  SCV  
  113  8:27  Marine  
  112  8:29  Marine x2, SCV  
  116  8:36  Marine  
  116  8:38  SCV  
  117  8:43  SCV  
  118  8:58  Medivac, Marine x3, Siege Tank, SCV x2  
  128  9:05  Orbital Command  
  128  9:08  Marine x2  
  123  9:11  SCV  
  120  9:23  Marine  
  120  9:24  Marine x2  
  100  9:26  Marine  
  100  9:29  SCV  
  103  9:36  Marine  
  88  9:40  Siege Tank  
  88  9:41  Marine x2  
  88  9:42  Medivac x2, Marine  
  88  9:45  Marine, SCV  
  87  9:49  SCV  
  87  9:50  SCV  
  87  9:54  Marine  
  87  9:57  SCV  
  87  9:59  Engineering Bay  
  89  10:00  Armory  
  89  10:01  Marine, SCV  
  89  10:02  Marine  
  89  10:05  Marine  
  89  10:06  Marine  
  94  10:10  SCV  
  94  10:13  Marine  
  96  10:14  Siege Tank  
  96  10:15  SCV  
  96  10:18  SCV  
  96  10:19  Marine  
  102  10:24  Marine  
  102  10:26  SCV  
  104  10:33  Marine x2, SCV  
  104  10:34  Marine  
  108  10:36  Medivac x2  
  108  10:37  Marine, SCV  
  114  10:48  SCV  
  109  10:56  Marine  
Tags
 
Add a new tag
Caveats
  • Supply blocks, unpowered buildings, or Contaminate may cause inaccurate times.
  • Supply counts are checked every 10 seconds.